 Dungeon Crawl Stone Soup version 0.20.1 (webtiles) character file.

1362 KleinerIrrer the Covert (level 8, -6/48 HPs)
             Began as an Octopode Transmuter on July 2, 2017.
             Mangled by a slave (9 damage)
             ... led by Pikel
             ... on level 6 of the Dungeon.
             The game lasted 00:13:26 (5720 turns).

KleinerIrrer the Covert (Octopode Transmuter)       Turns: 5720, Time: 00:13:27

Health: -6/48      AC:  1    Str: 10    XL:     8   Next: 64%
Magic:  0/14       EV: 16    Int: 15    God:
Gold:   265        SH:  0    Dex: 14    Spells: 8/15 levels left

rFire    . . .     SeeInvis .   x - +4 long sword "Jiysol" {pain, *Corrode rC++}
rCold    + + .     Gourm    .   (no shield)
rNeg     . . .     Faith    .   (helmet restricted)
rPois    .         Spirit   +   h - amulet of guardian spirit
rElec    .         Reflect  .   t - ring of stealth
rCorr    +         Harm     .   j - +3 ring of evasion
MR       .....                  m - ring of resist corrosion
Stlth    ++++++....             (no ring)
Regen    0.2/turn               (no ring)
MPRegen  0.2/turn               (no ring)
                                (no ring)
                                (no ring)

@: appendage (expiring), drained
A: almost no armour, stealthy swim, amphibious, 8 rings, constrict 8, tentacle
spike 3, camouflage 1, gelatinous body 1
a: End Transformation


You were on level 6 of the Dungeon.
You were hungry.
One of your tentacles had a temporary spike.
You visited 1 branch of the dungeon, and saw 6 of its levels.
You also visited: Sewer.

You collected 265 gold pieces.

Inventory:

Hand Weapons
 o - a +3 whip
 q - a +0 dagger of venom
 x - the +4 long sword "Jiysol" (weapon) {pain, *Corrode rC++}
   (You found it on level 4 of the Dungeon)

   In the hands of one skilled in necromantic magic, it inflicts extra damage on
   living creatures.
   It greatly protects you from cold.
   It may corrode you when you take damage.
 z - a +6 battleaxe of freezing
 C - a +2 trident of pain
 I - a +2 hand axe
 J - a cursed +3 halberd
Missiles
 a - 120 arrows
Magical Staves
 G - an uncursed staff of air
Jewellery
 h - an amulet of guardian spirit (around mantle)
 j - a +3 ring of evasion (right tentacle)
 m - a ring of resist corrosion (on tentacle)
 t - a ring of stealth (left tentacle)
Scrolls
 f - 3 scrolls of recharging {unknown}
 n - 5 scrolls of teleportation
 p - a scroll of enchant armour {unknown}
 r - a scroll of fear
 s - 2 scrolls of blinking {unknown}
 w - a scroll of fog
 y - 2 scrolls of amnesia {unknown}
 A - a scroll of magic mapping
Potions
 e - a potion of might
 g - a potion of heal wounds
 i - 6 potions of curing
 l - a potion of agility
 v - 3 potions of flight
 B - a potion of invisibility
 D - a potion of brilliance {unknown}
 H - a potion of lignification {unknown}
Books
 b - a book of Changes

   Spells                             Type                      Level
   a - Beastly Appendage              Transmutation                1
   b - Sticks to Snakes               Transmutation                2
   c - Spider Form                    Transmutation/Poison         3
   d - Ice Form                       Ice/Transmutation            4
   e - Blade Hands                    Transmutation                5
 E - a book of Necromancy

   Spells                             Type                      Level
   a - Pain                           Necromancy                   1
   b - Animate Skeleton               Necromancy                   1
   c - Vampiric Draining              Necromancy                   3
   d - Regeneration                   Charms/Necromancy            3
   e - Animate Dead                   Necromancy                   4
   f - Control Undead                 Necromancy                   4
Comestibles
 c - 3 bread rations
 d - 4 meat rations
 u - a fruit


   Skills:
 - Level 1.0(0.8) Fighting
 - Level 2.0(1.8) Dodging
 + Level 9.3(9.1) Stealth
 - Level 3.5(3.3) Unarmed Combat
 + Level 4.1(3.9) Spellcasting
 * Level 5.2(5.0) Transmutations
 * Level 3.9(3.7) Ice Magic


You had 8 spell levels left.
You knew the following spells:

 Your Spells              Type           Power        Failure   Level  Hunger
a - Beastly Appendage     Tmut           ###...       2%          1    None
b - Sticks to Snakes      Tmut           ###.....     3%          2    ##.....
c - Ice Form              Ice/Tmut       ###.....     30%         4    ####...


Dungeon Overview and Level Annotations

Branches:
Dungeon (6/15)
 Temple: D:4-7

Altars:
Ashenzari
Ru
Sif Muna
Trog
Zin

Shops:
D:4 *[=

Annotations:
D:6 Pikel


Innate Abilities, Weirdness & Mutations

You cannot wear most types of armour.
You are very stealthy in the water. (Stealth+)
You are amphibious.
You can wear up to eight rings at the same time.
You can use your tentacles to constrict eight enemies at once.
Your skin changes colour to match your surroundings (Stealth+).
Your rubbery body absorbs attacks. (AC +1, EV +1)
One of your tentacles bears a large vicious spike.


Message History

Pikel is moderately wounded.
You constrict Pikel, but do no damage. You constrict the slave.
You constrict the slave, but do no damage.
Pikel completely misses you. The slave closely misses you.
You riposte.
You hit the slave.
You squeeze the slave, but do no damage.
The slave is lightly wounded.
The slave hits you. The slave misses you. Pikel barely misses you.
You barely miss Pikel.
You pierce Pikel, but do no damage.
Pikel is moderately wounded.
You constrict Pikel.
You constrict the slave, but do no damage.
You constrict the slave.
The slave hits you. x2; The slave barely misses you.
Pikel cracks his whip.
Pikel barely misses you. The slave hits you.
* * * LOW HITPOINT WARNING * * *
The slave hits you!
* * * LOW HITPOINT WARNING * * *
The slave hits you!
You die...

#.## #.#[ ..# ##### #>.#
.#.##.###....# ##.###
#.#.........# .....#
#.#.........# .#.#.#
.#.#..?......###
.....##..#..............
.#.#....##..............
......###.......pp......
##.######....>..@K....#
...## #........[p....#
##..## ###..........#.#
##..##.#.....<.#...# #
##....#.###########
###.....#.# ##......#.#
........#.# ##......#.#


You could see Pikel and 3 slaves.

Vanquished Creatures
  Edmund (D:6)
  2 ogres
  A slave (D:6)
  A centaur (D:5)
  A bullfrog (D:6)
  A scorpion (D:4)
  A wyvern skeleton (D:6)
  A howler monkey (D:4)
  4 wights (D:6)
  2 crimson imps
  4 hounds
  A jelly (D:6)
  An orc wizard (D:6)
  2 bullfrog skeletons
  A centaur skeleton (D:6)
  5 worker ants
  5 adders
  3 river rats
  6 worms
  3 dart slugs
  A leopard gecko (D:4)
  15 orcs
  3 ball pythons (Sewer)
  8 giant cockroaches
  5 goblins
  5 hobgoblins
  4 kobolds
  A quokka (D:2)
  6 bats
  7 frilled lizards
  10 rats
111 creatures vanquished.

Vanquished Creatures (collateral kills)
  A kobold (D:2)
1 creature vanquished.

Grand Total: 112 creatures vanquished

Notes
Turn   | Place    | Note
-------+----------+-------------------------------------------
     0 | D:1      | KleinerIrrer the Octopode Transmuter began the quest for the Orb.
     0 | D:1      | Reached XP level 1. HP: 13/13 MP: 3/3
   297 | D:1      | Reached XP level 2. HP: 18/18 MP: 5/5
   826 | D:1      | Learned a level 2 spell: Sticks to Snakes
  1026 | D:2      | Reached XP level 3. HP: 23/23 MP: 2/6
  1586 | D:2      | Noticed a moth of wrath
  1589 | D:2      | Found a bloodstained altar of Trog.
  1841 | D:2      | Found a shattered altar of Ashenzari.
  1935 | D:2      | Found a faded altar of an unknown god.
  2191 | D:3      | Reached XP level 4. HP: 27/28 MP: 6/8
  2200 | D:3      | Learned a level 4 spell: Ice Form
  2360 | D:3      | Found a deep blue altar of Sif Muna.
  2907 | D:4      | Noticed an ogre
  2921 | D:4      | Killed an ogre
  2921 | D:4      | Reached skill level 2 in Stealth
  2921 | D:4      | Reached skill level 1 in Ice Magic
  2921 | D:4      | Reached XP level 5. HP: 33/33 MP: 9/9
  2930 | D:4      | Found a glowing drain.
  3051 | Sewer    | Entered a sewer
  3150 | Sewer    | Reached XP level 6. HP: 38/38 MP: 9/11
  3445 | D:4      | Found Pibiag's Jewellery Emporium.
  3454 | D:4      | Reached skill level 3 in Stealth
  3713 | D:4      | Found a sacrificial altar of Ru.
  3734 | D:4      | Found Muebae Jejo's Assorted Antiques.
  3765 | D:4      | Got a warped long sword
  3766 | D:4      | Identified the +4 long sword "Jiysol" {pain, *Corrode rC++} (You found it on level 4 of the Dungeon)
  3958 | D:4      | Reached skill level 4 in Stealth
  3962 | D:4      | Found Pups's Armour Boutique.
  4143 | D:4      | Reached XP level 7. HP: 42/43 MP: 12/12
  4389 | D:5      | Entered Level 5 of the Dungeon
  4514 | D:5      | Reached skill level 5 in Stealth
  4860 | D:5      | Reached skill level 6 in Stealth
  5148 | D:6      | Reached skill level 7 in Stealth
  5148 | D:6      | Reached skill level 5 in Transmutations
  5148 | D:6      | Reached XP level 8. HP: 37/48 MP: 10/13
  5306 | D:6      | Found a glowing silver altar of Zin.
  5306 | D:6      | Noticed Edmund
  5312 | D:6      | Killed Edmund
  5312 | D:6      | Reached skill level 8 in Stealth
  5486 | D:6      | Reached skill level 9 in Stealth
  5708 | D:6      | Noticed Pikel
  5720 | D:6      | Mangled by a slave

Skill      XL: |  1  2  3  4  5  6  7  8 |
---------------+-------------------------+-----
Transmutations | 3 4 5 |  5.2
Spellcasting   | 3 4 |  4.1
Stealth        | 2 4 7 9 |  9.3
Ice Magic      | 1 2 3 |  3.9
Fighting       | |  1.0
Dodging        | |  2.0
Unarmed Combat | |  3.5

Action                   |  1- 3 |  4- 6 |  7- 9 || total
-------------------------+-------+-------+-------++-------
Melee: Unarmed           |    72 |       |       ||    72
       Constrict         |    29 |    29 |    25 ||    83
       Tentacles         |    12 |    19 |    21 ||    52
       Punch             |     3 |     2 |     3 ||     8
       Dagger            |    25 |    94 |       ||   119
       Kick              |     7 |       |     9 ||    16
       Long sword        |       |    15 |    68 ||    83
       Battleaxe         |       |       |     8 ||     8
 Cast: Beastly Appendage |     6 |     1 |     5 ||    12
       Sticks to Snakes  |     2 |       |       ||     2
  Use: Scroll            |       |    11 |     4 ||    15
       Potion            |       |       |     1 ||     1
 Stab: Sleeping          |     4 |    14 |    10 ||    28
       Distracted        |       |     1 |       ||     1
  Eat: Chunk             |     4 |     6 |     5 ||    15
Armor: Skin              |    10 |     1 |     2 ||    13
Dodge: Dodged            |    67 |    63 |    89 ||   219
       Rpst.: Long sword |       |     3 |    26 ||    29
